Workbook

Sheet Baukosten
A1: Baukosten – Schweiz
A2: Erfassung von Baukosten für Renovationen, Umbauten und kleinere Neubauten
A3: Positionsnummer | B3: Projekt | C3: Bauphase | D3: Kostenart | E3: Kostenstelle | F3: Beschreibung | G3: Lieferant / Unternehmen | H3: Verantwortlich | I3: Stadt | J3: Kanton | K3: Rechnungsdatum | L3: Fälligkeitsdatum | M3: Status | N3: Budget exkl. MWST | O3: Istkosten exkl. MWST | P3: MWST-Satz | Q3: MWST-Betrag | R3: Istkosten inkl. MWST | S3: Abweichung CHF (Ist-Budget) | T3: Abweichung % | U3: Prognose Endkosten | V3: Bemerkung | W3: Budgetstatus
A4: 001 | B4: Umbau Wohnhaus Zürich | C4: Planung | D4: Architekt | E4: 1000 Planung | F4: Vorprojekt und Ausführungsplanung | G4: Architektur Meier AG | H4: Andrea Müller | I4: Zürich | J4: ZH | K4: 46037 | L4: 46068 | M4: Bezahlt | N4: 20000 | O4: 18500 | P4: =IF($A4="","",IFERROR(VLOOKUP($D4,'Anleitung'!$H$3:$I$11,2,FALSE),0)) | Q4: =IF(OR($A4="",$O4=""),"",IFERROR($O4*$P4,0)) | R4: =IF(OR($A4="",$O4=""),"",IFERROR($O4+$Q4,0)) | S4: =IF(OR($A4="",$N4="",$O4=""),"",$O4-$N4) | T4: =IF(OR($A4="",$N4="",$S4=""),"",IF($N4=0,0,$S4/$N4)) | U4: =IF(OR($A4="",$O4=""),"",IF($M4="Bezahlt",$R4,$O4)) | V4: Rechnung geprüft | W4: =IF($A4="","",IF($S4="","",IF($S4>0,"Budget überschritten","Im Budget")))
A5: 002 | B5: Umbau Wohnhaus Zürich | C5: Planung | D5: Baubewilligung | E5: 1100 Bewilligungen | F5: Baubewilligung und Gebühren | G5: Bauinspektorat Zürich | H5: Markus Keller | I5: Zürich | J5: ZH | K5: 46055 | L5: 46085 | M5: Bezahlt | N5: 4500 | O5: 4600 | P5: =IF($A5="","",IFERROR(VLOOKUP($D5,'Anleitung'!$H$3:$I$11,2,FALSE),0)) | Q5: =IF(OR($A5="",$O5=""),"",IFERROR($O5*$P5,0)) | R5: =IF(OR($A5="",$O5=""),"",IFERROR($O5+$Q5,0)) | S5: =IF(OR($A5="",$N5="",$O5=""),"",$O5-$N5) | T5: =IF(OR($A5="",$N5="",$S5=""),"",IF($N5=0,0,$S5/$N5)) | U5: =IF(OR($A5="",$O5=""),"",IF($M5="Bezahlt",$R5,$O5)) | V5: Gebühren gemäss Verfügung | W5: =IF($A5="","",IF($S5="","",IF($S5>0,"Budget überschritten","Im Budget")))
A6: 003 | B6: Umbau Wohnhaus Zürich | C6: Rohbau | D6: Baumeisterarbeiten | E6: 2000 Rohbau | F6: Abbruch, Beton- und Maurerarbeiten | G6: BauPartner Zürich AG | H6: Sandra Meier | I6: Zürich | J6: ZH | K6: 46099 | L6: 46130 | M6: Freigegeben | N6: 85000 | O6: 78000 | P6: =IF($A6="","",IFERROR(VLOOKUP($D6,'Anleitung'!$H$3:$I$11,2,FALSE),0)) | Q6: =IF(OR($A6="",$O6=""),"",IFERROR($O6*$P6,0)) | R6: =IF(OR($A6="",$O6=""),"",IFERROR($O6+$Q6,0)) | S6: =IF(OR($A6="",$N6="",$O6=""),"",$O6-$N6) | T6: =IF(OR($A6="",$N6="",$S6=""),"",IF($N6=0,0,$S6/$N6)) | U6: =IF(OR($A6="",$O6=""),"",IF($M6="Bezahlt",$R6,$O6)) | V6: Teilrechnung 1 | W6: =IF($A6="","",IF($S6="","",IF($S6>0,"Budget überschritten","Im Budget")))
A7: 004 | B7: Umbau Wohnhaus Zürich | C7: Gebäudetechnik | D7: Sanitär | E7: 3100 Sanitär | F7: Sanitärleitungen und Apparate | G7: Sanitär Limmat AG | H7: Thomas Frei | I7: Zürich | J7: ZH | K7: 46134 | L7: 46164 | M7: In Prüfung | N7: 32000 | O7: 33600 | P7: =IF($A7="","",IFERROR(VLOOKUP($D7,'Anleitung'!$H$3:$I$11,2,FALSE),0)) | Q7: =IF(OR($A7="",$O7=""),"",IFERROR($O7*$P7,0)) | R7: =IF(OR($A7="",$O7=""),"",IFERROR($O7+$Q7,0)) | S7: =IF(OR($A7="",$N7="",$O7=""),"",$O7-$N7) | T7: =IF(OR($A7="",$N7="",$S7=""),"",IF($N7=0,0,$S7/$N7)) | U7: =IF(OR($A7="",$O7=""),"",IF($M7="Bezahlt",$R7,$O7)) | V7: Nachtrag noch prüfen | W7: =IF($A7="","",IF($S7="","",IF($S7>0,"Budget überschritten","Im Budget")))
A8: 005 | B8: Sanierung Büro Bern | C8: Gebäudetechnik | D8: Elektroinstallation | E8: 3200 Elektro | F8: Elektroverteilung und Beleuchtung | G8: Elektro Bern Mitte AG | H8: Reto Schneider | I8: Bern | J8: BE | K8: 46154 | L8: 46185 | M8: Freigegeben | N8: 28500 | O8: 26900 | P8: =IF($A8="","",IFERROR(VLOOKUP($D8,'Anleitung'!$H$3:$I$11,2,FALSE),0)) | Q8: =IF(OR($A8="",$O8=""),"",IFERROR($O8*$P8,0)) | R8: =IF(OR($A8="",$O8=""),"",IFERROR($O8+$Q8,0)) | S8: =IF(OR($A8="",$N8="",$O8=""),"",$O8-$N8) | T8: =IF(OR($A8="",$N8="",$S8=""),"",IF($N8=0,0,$S8/$N8)) | U8: =IF(OR($A8="",$O8=""),"",IF($M8="Bezahlt",$R8,$O8)) | V8: Akonto-Rechnung | W8: =IF($A8="","",IF($S8="","",IF($S8>0,"Budget überschritten","Im Budget")))
A9: 006 | B9: Sanierung Büro Bern | C9: Ausbau | D9: Gipserarbeiten | E9: 4100 Ausbau | F9: Wände, Decken und Malergrundierung | G9: Gipser Basel GmbH | H9: Nicole Brunner | I9: Basel | J9: BS | K9: 46181 | L9: 46211 | M9: Offen | N9: 18000 | O9: 0 | P9: =IF($A9="","",IFERROR(VLOOKUP($D9,'Anleitung'!$H$3:$I$11,2,FALSE),0)) | Q9: =IF(OR($A9="",$O9=""),"",IFERROR($O9*$P9,0)) | R9: =IF(OR($A9="",$O9=""),"",IFERROR($O9+$Q9,0)) | S9: =IF(OR($A9="",$N9="",$O9=""),"",$O9-$N9) | T9: =IF(OR($A9="",$N9="",$S9=""),"",IF($N9=0,0,$S9/$N9)) | U9: =IF(OR($A9="",$O9=""),"",IF($M9="Bezahlt",$R9,$O9)) | V9: Ausführung im Juli | W9: =IF($A9="","",IF($S9="","",IF($S9>0,"Budget überschritten","Im Budget")))
A10: 007 | B10: Sanierung Büro Bern | C10: Ausbau | D10: Bodenbeläge | E10: 4200 Bodenbeläge | F10: Teppichplatten und Parkettreparaturen | G10: BodenDesign St. Gallen AG | H10: Stefan Gerber | I10: St. Gallen | J10: SG | K10: 46197 | L10: 46227 | M10: Bezahlt | N10: 24500 | O10: 23800 | P10: =IF($A10="","",IFERROR(VLOOKUP($D10,'Anleitung'!$H$3:$I$11,2,FALSE),0)) | Q10: =IF(OR($A10="",$O10=""),"",IFERROR($O10*$P10,0)) | R10: =IF(OR($A10="",$O10=""),"",IFERROR($O10+$Q10,0)) | S10: =IF(OR($A10="",$N10="",$O10=""),"",$O10-$N10) | T10: =IF(OR($A10="",$N10="",$S10=""),"",IF($N10=0,0,$S10/$N10)) | U10: =IF(OR($A10="",$O10=""),"",IF($M10="Bezahlt",$R10,$O10)) | V10: Schlussrechnung | W10: =IF($A10="","",IF($S10="","",IF($S10>0,"Budget überschritten","Im Budget")))
A11: 008 | B11: Küchenumbau Luzern | C11: Ausbau | D11: Küche | E11: 4300 Küche | F11: Küchenmöbel, Geräte und Montage | G11: KüchenWerk Luzern AG | H11: Claudia Wenger | I11: Luzern | J11: LU | K11: 46220 | L11: 46251 | M11: In Prüfung | N11: 38000 | O11: 39200 | P11: =IF($A11="","",IFERROR(VLOOKUP($D11,'Anleitung'!$H$3:$I$11,2,FALSE),0)) | Q11: =IF(OR($A11="",$O11=""),"",IFERROR($O11*$P11,0)) | R11: =IF(OR($A11="",$O11=""),"",IFERROR($O11+$Q11,0)) | S11: =IF(OR($A11="",$N11="",$O11=""),"",$O11-$N11) | T11: =IF(OR($A11="",$N11="",$S11=""),"",IF($N11=0,0,$S11/$N11)) | U11: =IF(OR($A11="",$O11=""),"",IF($M11="Bezahlt",$R11,$O11)) | V11: Mehrkosten Geräteauswahl | W11: =IF($A11="","",IF($S11="","",IF($S11>0,"Budget überschritten","Im Budget")))
A12: 009 | B12: Küchenumbau Luzern | C12: Umgebung | D12: Gartenbau | E12: 5100 Umgebung | F12: Sitzplatz, Bepflanzung und Entwässerung | G12: Gartenbau Seeblick AG | H12: Daniela Huber | I12: Luzern | J12: LU | K12: 46265 | L12: 46295 | M12: Offen | N12: 12500 | O12: 0 | P12: =IF($A12="","",IFERROR(VLOOKUP($D12,'Anleitung'!$H$3:$I$11,2,FALSE),0)) | Q12: =IF(OR($A12="",$O12=""),"",IFERROR($O12*$P12,0)) | R12: =IF(OR($A12="",$O12=""),"",IFERROR($O12+$Q12,0)) | S12: =IF(OR($A12="",$N12="",$O12=""),"",$O12-$N12) | T12: =IF(OR($A12="",$N12="",$S12=""),"",IF($N12=0,0,$S12/$N12)) | U12: =IF(OR($A12="",$O12=""),"",IF($M12="Bezahlt",$R12,$O12)) | V12: Offerte bestätigt | W12: =IF($A12="","",IF($S12="","",IF($S12>0,"Budget überschritten","Im Budget")))
P13: =IF($A13="","",IFERROR(VLOOKUP($D13,'Anleitung'!$H$3:$I$11,2,FALSE),0)) | Q13: =IF(OR($A13="",$O13=""),"",IFERROR($O13*$P13,0)) | R13: =IF(OR($A13="",$O13=""),"",IFERROR($O13+$Q13,0)) | S13: =IF(OR($A13="",$N13="",$O13=""),"",$O13-$N13) | T13: =IF(OR($A13="",$N13="",$S13=""),"",IF($N13=0,0,$S13/$N13)) | U13: =IF(OR($A13="",$O13=""),"",IF($M13="Bezahlt",$R13,$O13)) | W13: =IF($A13="","",IF($S13="","",IF($S13>0,"Budget überschritten","Im Budget")))
P14: =IF($A14="","",IFERROR(VLOOKUP($D14,'Anleitung'!$H$3:$I$11,2,FALSE),0)) | Q14: =IF(OR($A14="",$O14=""),"",IFERROR($O14*$P14,0)) | R14: =IF(OR($A14="",$O14=""),"",IFERROR($O14+$Q14,0)) | S14: =IF(OR($A14="",$N14="",$O14=""),"",$O14-$N14) | T14: =IF(OR($A14="",$N14="",$S14=""),"",IF($N14=0,0,$S14/$N14)) | U14: =IF(OR($A14="",$O14=""),"",IF($M14="Bezahlt",$R14,$O14)) | W14: =IF($A14="","",IF($S14="","",IF($S14>0,"Budget überschritten","Im Budget")))
P15: =IF($A15="","",IFERROR(VLOOKUP($D15,'Anleitung'!$H$3:$I$11,2,FALSE),0)) | Q15: =IF(OR($A15="",$O15=""),"",IFERROR($O15*$P15,0)) | R15: =IF(OR($A15="",$O15=""),"",IFERROR($O15+$Q15,0)) | S15: =IF(OR($A15="",$N15="",$O15=""),"",$O15-$N15) | T15: =IF(OR($A15="",$N15="",$S15=""),"",IF($N15=0,0,$S15/$N15)) | U15: =IF(OR($A15="",$O15=""),"",IF($M15="Bezahlt",$R15,$O15)) | W15: =IF($A15="","",IF($S15="","",IF($S15>0,"Budget überschritten","Im Budget")))
P16: =IF($A16="","",IFERROR(VLOOKUP($D16,'Anleitung'!$H$3:$I$11,2,FALSE),0)) | Q16: =IF(OR($A16="",$O16=""),"",IFERROR($O16*$P16,0)) | R16: =IF(OR($A16="",$O16=""),"",IFERROR($O16+$Q16,0)) | S16: =IF(OR($A16="",$N16="",$O16=""),"",$O16-$N16) | T16: =IF(OR($A16="",$N16="",$S16=""),"",IF($N16=0,0,$S16/$N16)) | U16: =IF(OR($A16="",$O16=""),"",IF($M16="Bezahlt",$R16,$O16)) | W16: =IF($A16="","",IF($S16="","",IF($S16>0,"Budget überschritten","Im Budget")))
P17: =IF($A17="","",IFERROR(VLOOKUP($D17,'Anleitung'!$H$3:$I$11,2,FALSE),0)) | Q17: =IF(OR($A17="",$O17=""),"",IFERROR($O17*$P17,0)) | R17: =IF(OR($A17="",$O17=""),"",IFERROR($O17+$Q17,0)) | S17: =IF(OR($A17="",$N17="",$O17=""),"",$O17-$N17) | T17: =IF(OR($A17="",$N17="",$S17=""),"",IF($N17=0,0,$S17/$N17)) | U17: =IF(OR($A17="",$O17=""),"",IF($M17="Bezahlt",$R17,$O17)) | W17: =IF($A17="","",IF($S17="","",IF($S17>0,"Budget überschritten","Im Budget")))
P18: =IF($A18="","",IFERROR(VLOOKUP($D18,'Anleitung'!$H$3:$I$11,2,FALSE),0)) | Q18: =IF(OR($A18="",$O18=""),"",IFERROR($O18*$P18,0)) | R18: =IF(OR($A18="",$O18=""),"",IFERROR($O18+$Q18,0)) | S18: =IF(OR($A18="",$N18="",$O18=""),"",$O18-$N18) | T18: =IF(OR($A18="",$N18="",$S18=""),"",IF($N18=0,0,$S18/$N18)) | U18: =IF(OR($A18="",$O18=""),"",IF($M18="Bezahlt",$R18,$O18)) | W18: =IF($A18="","",IF($S18="","",IF($S18>0,"Budget überschritten","Im Budget")))
P19: =IF($A19="","",IFERROR(VLOOKUP($D19,'Anleitung'!$H$3:$I$11,2,FALSE),0)) | Q19: =IF(OR($A19="",$O19=""),"",IFERROR($O19*$P19,0)) | R19: =IF(OR($A19="",$O19=""),"",IFERROR($O19+$Q19,0)) | S19: =IF(OR($A19="",$N19="",$O19=""),"",$O19-$N19) | T19: =IF(OR($A19="",$N19="",$S19=""),"",IF($N19=0,0,$S19/$N19)) | U19: =IF(OR($A19="",$O19=""),"",IF($M19="Bezahlt",$R19,$O19)) | W19: =IF($A19="","",IF($S19="","",IF($S19>0,"Budget überschritten","Im Budget")))
P20: =IF($A20="","",IFERROR(VLOOKUP($D20,'Anleitung'!$H$3:$I$11,2,FALSE),0)) | Q20: =IF(OR($A20="",$O20=""),"",IFERROR($O20*$P20,0)) | R20: =IF(OR($A20="",$O20=""),"",IFERROR($O20+$Q20,0)) | S20: =IF(OR($A20="",$N20="",$O20=""),"",$O20-$N20) | T20: =IF(OR($A20="",$N20="",$S20=""),"",IF($N20=0,0,$S20/$N20)) | U20: =IF(OR($A20="",$O20=""),"",IF($M20="Bezahlt",$R20,$O20)) | W20: =IF($A20="","",IF($S20="","",IF($S20>0,"Budget überschritten","Im Budget")))
P21: =IF($A21="","",IFERROR(VLOOKUP($D21,'Anleitung'!$H$3:$I$11,2,FALSE),0)) | Q21: =IF(OR($A21="",$O21=""),"",IFERROR($O21*$P21,0)) | R21: =IF(OR($A21="",$O21=""),"",IFERROR($O21+$Q21,0)) | S21: =IF(OR($A21="",$N21="",$O21=""),"",$O21-$N21) | T21: =IF(OR($A21="",$N21="",$S21=""),"",IF($N21=0,0,$S21/$N21)) | U21: =IF(OR($A21="",$O21=""),"",IF($M21="Bezahlt",$R21,$O21)) | W21: =IF($A21="","",IF($S21="","",IF($S21>0,"Budget überschritten","Im Budget")))
P22: =IF($A22="","",IFERROR(VLOOKUP($D22,'Anleitung'!$H$3:$I$11,2,FALSE),0)) | Q22: =IF(OR($A22="",$O22=""),"",IFERROR($O22*$P22,0)) | R22: =IF(OR($A22="",$O22=""),"",IFERROR($O22+$Q22,0)) | S22: =IF(OR($A22="",$N22="",$O22=""),"",$O22-$N22) | T22: =IF(OR($A22="",$N22="",$S22=""),"",IF($N22=0,0,$S22/$N22)) | U22: =IF(OR($A22="",$O22=""),"",IF($M22="Bezahlt",$R22,$O22)) | W22: =IF($A22="","",IF($S22="","",IF($S22>0,"Budget überschritten","Im Budget")))
P23: =IF($A23="","",IFERROR(VLOOKUP($D23,'Anleitung'!$H$3:$I$11,2,FALSE),0)) | Q23: =IF(OR($A23="",$O23=""),"",IFERROR($O23*$P23,0)) | R23: =IF(OR($A23="",$O23=""),"",IFERROR($O23+$Q23,0)) | S23: =IF(OR($A23="",$N23="",$O23=""),"",$O23-$N23) | T23: =IF(OR($A23="",$N23="",$S23=""),"",IF($N23=0,0,$S23/$N23)) | U23: =IF(OR($A23="",$O23=""),"",IF($M23="Bezahlt",$R23,$O23)) | W23: =IF($A23="","",IF($S23="","",IF($S23>0,"Budget überschritten","Im Budget")))
P24: =IF($A24="","",IFERROR(VLOOKUP($D24,'Anleitung'!$H$3:$I$11,2,FALSE),0)) | Q24: =IF(OR($A24="",$O24=""),"",IFERROR($O24*$P24,0)) | R24: =IF(OR($A24="",$O24=""),"",IFERROR($O24+$Q24,0)) | S24: =IF(OR($A24="",$N24="",$O24=""),"",$O24-$N24) | T24: =IF(OR($A24="",$N24="",$S24=""),"",IF($N24=0,0,$S24/$N24)) | U24: =IF(OR($A24="",$O24=""),"",IF($M24="Bezahlt",$R24,$O24)) | W24: =IF($A24="","",IF($S24="","",IF($S24>0,"Budget überschritten","Im Budget")))
... P103: =IF($A103="","",IFERROR(VLOOKUP($D103,'Anleitung'!$H$3:$I$11,2,FALSE),0)) | Q103: =IF(OR($A103="",$O103=""),"",IFERROR($O103*$P103,0)) | R103: =IF(OR($A103="",$O103=""),"",IFERROR($O103+$Q103,0)) | S103: =IF(OR($A103="",$N103="",$O103=""),"",$O103-$N103) | T103: =IF(OR($A103="",$N103="",$S103=""),"",IF($N103=0,0,$S103/$N103)) | U103: =IF(OR($A103="",$O103=""),"",IF($M103="Bezahlt",$R103,$O103)) | W103: =IF($A103="","",IF($S103="","",IF($S103>0,"Budget überschritten","Im Budget")))

Sheet Auswertung
A1: Auswertung Baukosten
A2: Gesamtübersicht über Budget, Istkosten und erwartete Endkosten
A3: Kennzahl | B3: Wert
A4: Gesamtbudget exkl. MWST | B4: =SUM('Baukosten'!$N$4:$N$103)
A5: Istkosten exkl. MWST | B5: =SUM('Baukosten'!$O$4:$O$103)
A6: MWST total | B6: =SUM('Baukosten'!$Q$4:$Q$103)
A7: Istkosten inkl. MWST | B7: =SUM('Baukosten'!$R$4:$R$103)
A8: Prognose Endkosten | B8: =SUM('Baukosten'!$U$4:$U$103)
A9: Budgetabweichung CHF | B9: =$B$8-$B$4
A10: Budgetabweichung % | B10: =IF($B$4=0,0,$B$9/$B$4)
A11: Anzahl Kostenpositionen | B11: =COUNTA('Baukosten'!$A$4:$A$103)
A12: Anzahl offene Rechnungen | B12: =COUNTIF('Baukosten'!$M$4:$M$103,"Offen")
A13: Anzahl freigegebene Rechnungen | B13: =COUNTIF('Baukosten'!$M$4:$M$103,"Freigegeben")
A14: Grösste Kostenart | B14: =IFERROR(INDEX($H$21:$H$29,MATCH(MAX($I$21:$I$29),$I$21:$I$29,0)),"")
A15: Überschrittene Positionen | B15: =COUNTIF('Baukosten'!$W$4:$W$103,"Budget überschritten")
A16: Durchschnittliche Position | B16: =IFERROR(AVERAGE('Baukosten'!$O$4:$O$103),0)
A17: Budgetstatus | B17: =IF($B$9>0,"Budget überschritten","Im Budget")
A19: Auswertung nach Bauphase | B19: Budget exkl. MWST | C19: Istkosten exkl. MWST | D19: Prognose Endkosten | H19: Auswertung nach Kostenart | I19: Istkosten exkl. MWST
A20: Planung | B20: =SUMIF('Baukosten'!$C$4:$C$103,$A20,'Baukosten'!$N$4:$N$103) | C20: =SUMIF('Baukosten'!$C$4:$C$103,$A20,'Baukosten'!$O$4:$O$103) | D20: =SUMIF('Baukosten'!$C$4:$C$103,$A20,'Baukosten'!$U$4:$U$103) | H20: Architekt | I20: =SUMIF('Baukosten'!$D$4:$D$103,$H20,'Baukosten'!$O$4:$O$103)
A21: Rohbau | B21: =SUMIF('Baukosten'!$C$4:$C$103,$A21,'Baukosten'!$N$4:$N$103) | C21: =SUMIF('Baukosten'!$C$4:$C$103,$A21,'Baukosten'!$O$4:$O$103) | D21: =SUMIF('Baukosten'!$C$4:$C$103,$A21,'Baukosten'!$U$4:$U$103) | H21: Baubewilligung | I21: =SUMIF('Baukosten'!$D$4:$D$103,$H21,'Baukosten'!$O$4:$O$103)
A22: Gebäudetechnik | B22: =SUMIF('Baukosten'!$C$4:$C$103,$A22,'Baukosten'!$N$4:$N$103) | C22: =SUMIF('Baukosten'!$C$4:$C$103,$A22,'Baukosten'!$O$4:$O$103) | D22: =SUMIF('Baukosten'!$C$4:$C$103,$A22,'Baukosten'!$U$4:$U$103) | H22: Baumeisterarbeiten | I22: =SUMIF('Baukosten'!$D$4:$D$103,$H22,'Baukosten'!$O$4:$O$103)
A23: Ausbau | B23: =SUMIF('Baukosten'!$C$4:$C$103,$A23,'Baukosten'!$N$4:$N$103) | C23: =SUMIF('Baukosten'!$C$4:$C$103,$A23,'Baukosten'!$O$4:$O$103) | D23: =SUMIF('Baukosten'!$C$4:$C$103,$A23,'Baukosten'!$U$4:$U$103) | H23: Sanitär | I23: =SUMIF('Baukosten'!$D$4:$D$103,$H23,'Baukosten'!$O$4:$O$103)
A24: Umgebung | B24: =SUMIF('Baukosten'!$C$4:$C$103,$A24,'Baukosten'!$N$4:$N$103) | C24: =SUMIF('Baukosten'!$C$4:$C$103,$A24,'Baukosten'!$O$4:$O$103) | D24: =SUMIF('Baukosten'!$C$4:$C$103,$A24,'Baukosten'!$U$4:$U$103) | H24: Elektroinstallation | I24: =SUMIF('Baukosten'!$D$4:$D$103,$H24,'Baukosten'!$O$4:$O$103)
H25: Gipserarbeiten | I25: =SUMIF('Baukosten'!$D$4:$D$103,$H25,'Baukosten'!$O$4:$O$103)
H26: Bodenbeläge | I26: =SUMIF('Baukosten'!$D$4:$D$103,$H26,'Baukosten'!$O$4:$O$103)
H27: Küche | I27: =SUMIF('Baukosten'!$D$4:$D$103,$H27,'Baukosten'!$O$4:$O$103)
H28: Gartenbau | I28: =SUMIF('Baukosten'!$D$4:$D$103,$H28,'Baukosten'!$O$4:$O$103)

Sheet Anleitung
A1: Anleitung zur Baukosten-Vorlage
H2: Kostenart | I2: MWST-Satz | J2: Zuordnung
A3: Kurzanleitung | H3: Architekt | I3: 0.081 | J3: Planungsleistung
A4: 1 | B4: Im Blatt «Baukosten» werden alle einzelnen Rechnungen, Offerten und Nachträge erfasst. | H4: Baubewilligung | I4: 0 | J4: Gebühr ohne MWST
A5: 2 | B5: Gelb markierte Zellen sind Eingabefelder. Berechnete Felder werden automatisch ausgefüllt. | H5: Baumeisterarbeiten | I5: 0.081 | J5: Bauleistung
A6: 3 | B6: Beträge immer exkl. MWST erfassen. Der MWST-Satz wird anhand der Kostenart automatisch zugeordnet. | H6: Sanitär | I6: 0.081 | J6: Bauleistung
A7: 4 | B7: MWST-Normalsatz: 8.1 %, reduziert: 2.6 %, Beherbergung: 3.8 %. Prüfen Sie die Zuordnung vor der Abrechnung. | H7: Elektroinstallation | I7: 0.081 | J7: Bauleistung
A8: 5 | B8: Rechnungsstatus regelmässig aktualisieren: Offen, Freigegeben, Bezahlt oder In Prüfung. | H8: Gipserarbeiten | I8: 0.081 | J8: Bauleistung
A9: 6 | B9: Eine positive Abweichung bedeutet, dass die Istkosten über dem Budget liegen. | H9: Bodenbeläge | I9: 0.081 | J9: Bauleistung
A10: 7 | B10: Für grössere Projekte können zusätzliche Zeilen innerhalb der vorbereiteten Erfassungsbereiche ergänzt werden. | H10: Küche | I10: 0.081 | J10: Lieferung und Montage
A11: 8 | B11: Belege, Werkverträge, Nachträge und Freigaben nachvollziehbar dokumentieren. | H11: Gartenbau | I11: 0.081 | J11: Bauleistung
A12: 9 | B12: Bei Bedarf Anforderungen der ESTV, Suva/UVG sowie des Kontenrahmens KMU berücksichtigen.
H13: MWST-Hinweise | I13: Satz | J13: Anwendung
H14: Normalsatz | I14: 0.081 | J14: Übliche Bau- und Planungsleistungen
A15: Hinweis zur Kostenkontrolle | H15: Reduzierter Satz | I15: 0.026 | J15: Spezielle reduzierte Leistungen
A16: Budget | B16: Vor Freigabe den Kostenrahmen, die Zahlungsfristen und die MWST-Zuordnung kontrollieren. | H16: Beherbergung | I16: 0.038 | J16: Beherbergungsleistungen
A17: Belege | B17: Rechnungen, Lieferscheine, Werkverträge und Nachträge mit Positionsnummer ablegen.
A18: Auswertung | B18: Das Blatt «Auswertung» zeigt Kennzahlen sowie Diagramme nach Bauphase und Kostenart.
